 Dungeon Crawl Stone Soup version 0.15.0-22-g71df38d (console) character file.

2 gw the Bolt Thrower (level 1, -3/12 HPs)
             Began as a Kobold Hunter on Sept 8, 2014.
             Slain by a gnoll
             ... wielding a cursed +0 spear
              (5 damage)
             ... on Level 1 of the Dungeon.
             The game lasted 00:00:07 (104 turns).

gw the Bolt Thrower (Kobold Hunter)                  Turns: 104, Time: 00:00:07

HP  -3/12        AC  3     Str 10      XL: 1   Next: 44%
MP   1/1         EV 13     Int  9      God:
Gold 0           SH  0     Dex 16      Spells:  0 memorised,  0 levels left

rFire  . . .     SeeInvis .     a - +0 short sword
rCold  . . .     Clarity  .     d - +0 leather armour
rNeg   . . .     rCorr    .     (no shield)
rPois  .         rRot     .     (no helmet)
rElec  .         Spirit   .     (no cloak)
SustAb .         Warding  .     (no gloves)
rMut   .         Stasis   .     (no boots)
Gourm  .                        (no amulet)
MR     .....                    (no ring)
                                (no ring)

@: not resistant to hostile enchantments, unstealthy
A: carnivore 3
a: no special abilities


You were on level 1 of the Dungeon.
You were not hungry.

You visited 1 branch of the dungeon, and saw 1 of its levels.

Inventory:

Hand weapons
 a - a +0 short sword (weapon)
 b - a +1 hand crossbow
Missiles
 c - 18 bolts
Armour
 d - a +0 leather armour (worn)
Comestibles
 f - a meat ration


   Skills:
 + Level 1.2 Fighting
 + Level 0.0 Short Blades
 * Level 4.9 Crossbows
 + Level 2.5 Dodging
 - Level 1.3 Stealth


You couldn't memorise any spells.
You didn't know any spells.

Dungeon Overview and Level Annotations

Branches:
Dungeon (1/15)

Altars:


Innate Abilities, Weirdness & Mutations

You are small and have problems with some larger weapons.
You are carnivorous and can eat meat at any time.


Message History

The hobgoblin misses you. x2
The gnoll hits you from afar with a spear.
ATTACK MOVE TO (-1,0)
You hit the hobgoblin but do no damage.
The hobgoblin is heavily wounded.
The hobgoblin hits you. The gnoll closely misses you.
ATTACK MOVE TO (-1,0)
You closely miss the hobgoblin.
The hobgoblin is heavily wounded.
The hobgoblin misses you. The gnoll misses you.
ATTACK MOVE TO (-1,0)
You hit the hobgoblin but do no damage.
The hobgoblin is heavily wounded.
The hobgoblin hits you. The gnoll misses you.
ATTACK MOVE TO (-1,0)
You hit the hobgoblin but do no damage.
The hobgoblin is heavily wounded.
The hobgoblin closely misses you.
The gnoll hits you from afar with a spear.
You die...

$ .#.# ## .#.# # . ....
... # #...# #.. # #.#.#
#(### # #.#.# #.g.## .#
#.#.#######gK###### .#
#.#....##....%....# .#
#.#.##.##..$......#
####.#%##.##.........#
#..)...........$.....#
#####.##....#.........#
.# #.####...........$#
.# #.## ##...........#
## #..# ##...########


You could see a gnoll and a hobgoblin.

Table legend:
 A = Turns spent in this place as a percentage of turns spent in the entire game.
 B = Non-inter-level travel turns spent in this place as a percentage of non-inter-level travel turns spent in the entire game.
 C = Inter-level travel turns spent in this place as a percentage of turns spent in this place.
 D = Turns resting spent in this place as a percentage of non-inter-level travel turns spent in this place.
 E = Turns spent auto-exploring this place as a percentage of non-inter-level travel turns spent in this place.
 F = Non-inter-level travel turns spent in this place divided by the number of levels of this place that you've seen.
                   A       B       C       D       E      F
               +-------+-------+-------+-------+-------+----------------------
         Total | 100.0 | 100.0 |   0.0 |   0.0 |  27.1 |  59.0
       Dungeon | 100.0 | 100.0 |   0.0 |   0.0 |  27.1 |  59.0
               +-------+-------+-------+-------+-------+----------------------

Table legend:
 A = Kills in this place as a percentage of kills in entire the game.
 B = Kills by you in this place as a percentage of kills by you in the entire game.
 C = Kills by friends in this place as a percentage of kills by friends in the entire game.
 D = Other kills in this place as a percentage of other kills in the entire game.
 E = Experience gained in this place as a percentage of experience gained in the entire game.
 F = Experience gained in this place divided by the number of levels of this place that you have seen.
                   A       B       C       D       E      F
               +-------+-------+-------+-------+-------+----------------------
         Total | 100.0 | 100.0 |  -nan |  -nan | 100.0 |   4.0
       Dungeon | 100.0 | 100.0 |  -nan |  -nan | 100.0 |   4.0
               +-------+-------+-------+-------+-------+----------------------

Vanquished Creatures
  2 bats (D:1)
  A kobold (D:1)
3 creatures vanquished.

Notes
Turn   | Place    | Note
--------------------------------------------------------------
     0 | D:1      | gw, the Kobold Hunter, began the quest for the Orb.
     0 | D:1      | Reached XP level 1. HP: 12/12 MP: 1/1
   104 | D:1      | Slain by a gnoll

Action                   || total
-------------------------++-------
Melee: Short sword       ||    12
 Fire: Hand crossbow     ||     6

Vault maps used:
D:1:      sevenhm_arrival_forest_fort_small_4
